 Dungeon Crawl Stone Soup version 0.29.1-2-gbd0b4ee654 (webtiles) character file.

Game seed: 4998092107580104960

37 xian the Charlatan (level 3, -2/26 HPs)
             Began as a Demonspawn Artificer on Nov 23, 2022.
             Slain by an orc
             ... wielding a +0 whip
              (3 damage)
             ... on level 2 of the Dungeon.
             The game lasted 00:03:09 (1547 turns).

xian the Charlatan (Demonspawn Artificer)           Turns: 1547, Time: 00:03:09

Health: -2/26      AC:  9    Str: 14    XL:     3   Next: 23%
Magic:  3/3        EV:  6    Int: 12    God:
Gold:   56         SH:  0    Dex: 13    Spells: 2/2 levels left

rFire   . . .      SeeInvis .   l - +0 mace
rCold   . . .      Faith    .   (no shield)
rNeg    . . .      Spirit   .   p - +0 chain mail
rPois   .          Reflect  .   (no helmet)
rElec   .          Harm     .   g - +0 cloak
rCorr   .          Rampage  .   (no gloves)
Will    .....                   (no boots)
Stlth   ..........              k - amulet of magic regeneration
HPRegen 0.08/turn               (no ring)
MPRegen 0.48/turn               (no ring)

@: invisible
A: powered by pain 1
a: no special abilities


You were on level 2 of the Dungeon.
You visited 1 branch of the dungeon, and saw 2 of its levels.

You collected 56 gold pieces.

Inventory:

Hand Weapons
 l - a +0 mace (weapon)
Missiles
 a - 4 poisoned darts (quivered)
Armour
 g - a +0 cloak (worn)
 p - a +0 chain mail (worn)
Magical Staves
 o - a staff of cold
Jewellery
 k - an amulet of magic regeneration (around neck)
Wands
 c - a wand of flame (14)
 d - a wand of charming (13)
 e - a wand of iceblast (4)
Scrolls
 f - 2 scrolls of identify {unknown}
 i - a scroll of poison {unknown}
 n - a scroll of blinking {unknown}
Potions
 b - a potion of haste {unknown}
 j - a potion of flight {unknown}
 m - a potion of might {unknown}
 q - a potion of cancellation {unknown}


   Skills:
 + Level 1.2 Fighting
 + Level 0.3 Maces & Flails
 + Level 2.3 Armour
 + Level 1.0 Dodging
 + Level 1.1 Stealth
 + Level 3.6 Evocations


You had 2 spell levels left.
You didn't know any spells.
Your spell library was empty.

Dungeon Overview and Level Annotations

Branches:
Dungeon (2/15)

Altars:


Innate Abilities, Weirdness & Mutations

You sometimes gain a little power by taking damage.


Message History

* * * LOW HITPOINT WARNING * * *
Aiming: Charm
Press: ? - help, Shift-Dir - straight line, f - orc
Aim: an orc, wielding a +0 club and wearing a +0 scale mail (moderately wounded, chance to affect: 74%)
The orc is charmed.
The goblin hits your orc but does no damage.
Okay, then.
Unknown command.
The goblin barely misses your orc.
Your orc barely misses the goblin.
Aiming: Iceblast
Press: ? - help, Shift-Dir - straight line, f - goblin, p - orc
Aim: a goblin, wielding a +0 club (ally target) Really fire at your orc? [Y]es or [N]o only, please.
Really fire at your orc?
The mass of ice explodes!
The iceblast engulfs your orc!
You kill your orc!
The iceblast engulfs the goblin!!
You kill the goblin!
You hear an angry hiss.
Unknown command.
You hit the orc.
The orc is moderately wounded.
The orc hits you but does no damage.
You hit the orc.
The orc is almost dead.
The orc hits you with a +0 whip.
* * * LOW HITPOINT WARNING * * *
An adder comes into view.
Aiming: Throw Flame
Press: ? - help, Shift-Dir - straight line, f - adder
Aim: an adder (53% to hit)
The puff of flame hits the adder.
The adder is moderately wounded.
The orc hits you with a +0 whip.
* * * LOW HITPOINT WARNING * * *
It was a potion of invisibility.
You fade into invisibility!
The orc hits you with a +0 whip.
You die...

# .# ##..# .$.(...#
## #.....#.. #.#g$8.#
#.# ##o# #.# #@#..(#
#.# #S###..# #.# .
##.## ## #.#
#...###.######.#
#............#
#.#.##.#.###########
............<......
.......##############
.#......


You could see an adder (unable to see you), an orc (unable to see you) and a
hobgoblin (unable to see you).

Vanquished Creatures
  An orc (D:2)
  2 endoplasms (D:1)
  A giant cockroach (D:1)
  6 goblins
  5 hobgoblins
  5 jackals (D:1)
  A quokka (D:1)
  5 bats (D:1)
  2 kobolds (D:1)
  A rat (D:1)
29 creatures vanquished.

Vanquished Creatures (others)
  An orc (D:2)
1 creature vanquished.

Grand Total: 30 creatures vanquished

Notes
Turn   | Place    | Note
-------+----------+-------------------------------------------
     0 | D:1      | xian the Demonspawn Artificer began the quest for the Orb.
     0 | D:1      | Reached XP level 1. HP: 15/15 MP: 1/1
   161 | D:1      | Found a faded altar of an unknown god.
   663 | D:1      | Gained mutation: You sometimes gain a little power by
                  | taking damage. [demonic ancestry]
   663 | D:1      | Reached XP level 2. HP: 20/21 MP: 2/2
   844 | D:1      | Reached skill level 1 in Stealth
  1274 | D:1      | Reached skill level 1 in Dodging
  1308 | D:1      | Reached XP level 3. HP: 26/26 MP: 3/3
  1546 | D:2      | HP: 1/26 [orc/+0 whip (1)]
  1547 | D:2      | Slain by an orc

Illustrated notes

Levels and vault maps discovered:
D:1:      reono_arrival_mine, layout_basic,
          hellmonk_ecumenical_altar_inner_sanctum
D:2:      minmay_angry_zag, layout_basic, guppyfry_early_orc_mine

Skill      XL: |  1  2 |
---------------+-------+-----
Armour         | 2 |  2.3
Stealth        | 1 |  1.1
Dodging        | 1 |  1.0
Fighting       | |  1.2
Maces & Flails | |  0.3
Evocations     | |  3.6

Action                   || total
-------------------------++-------
Melee: Club              ||    32
       Mace              ||    64
       Punch             ||     2
Evoke: Wand              ||     4
  Use: Potion            ||     1
 Stab: Sleeping          ||     1
Armor: Leather armour    ||    43
       Chain mail        ||    17
Dodge: Dodged            ||    74
